 Dungeon Crawl Stone Soup version 0.18.1-6-gd335043 (webtiles) character file.

624 nezrel the Basher (level 7, -1/60 HPs)
             Began as a Minotaur Berserker on May 19, 2016.
             Was an Elder of Trog.
             Killed from afar by Blork the orc (7 damage)
             ... with a magic dart
             ... while paralysed by Grinder
             ... on level 5 of the Dungeon.
             The game lasted 00:13:45 (4683 turns).

nezrel the Basher (Minotaur Berserker)              Turns: 4683, Time: 00:13:45

Health: -1/60      AC: 10    Str: 24    XL:     7   Next: 22%
Magic:  6/6        EV:  2    Int:  4    God:    Trog [****..]
Gold:   193        SH:  0    Dex:  9    Spells: 0 memorised, 6 levels left

rFire  . . .     SeeInvis .     f - +3 mace
rCold  . . .     Gourm    .     u - +0 chain mail
rNeg   . . .     Faith    .     (no shield)
rPois  .         Spirit   .     (helmet restricted)
rElec  .         Dismiss  .     (no cloak)
rCorr  .         Reflect  .     g - +0 pair of gloves
SustAt .         Harm     .     (no boots)
MR     .....                    (no amulet)
Stlth  ..........               (no ring)
                                (no ring)

@: paralysed, exhausted, slowed, not resistant to hostile enchantments,
extremely unstealthy
A: retaliatory headbutt, horns 2
a: Berserk, Trog's Hand, Brothers in Arms, Burn Spellbooks, Renounce Religion


You were on level 5 of the Dungeon.
You worshipped Trog.
Trog was greatly pleased with you.
You were hungry.

You visited 1 branch of the dungeon, and saw 5 of its levels.

You collected 193 gold pieces.

Inventory:

Hand Weapons
 f - a +3 mace (weapon)
Armour
 g - a +0 pair of gloves (worn)
 u - a +0 chain mail (worn)
Jewellery
 b - an uncursed amulet of magic regeneration {unknown}
 i - a +3 ring of dexterity {unknown}
Wands
 l - a wand of slowing (34/48)
 r - a wand of disintegration (8/24)
Scrolls
 a - 2 scrolls of magic mapping
 d - a scroll of fog {unknown}
 h - 3 scrolls of remove curse
 j - a scroll of noise
 v - a scroll of identify
 x - 3 scrolls of amnesia {unknown}
Potions
 e - a potion of agility {unknown}
 k - 2 potions of berserk rage
 m - a potion of curing {unknown}
 n - a potion of magic {unknown}
 q - 2 potions of cancellation {unknown}
 t - 3 potions of flight {unknown}
 A - a potion of haste {unknown}
 B - a potion of invisibility {unknown}
Books
 w - a book of Unlife

   Spells                             Type                      Level
   a - Recall                         Summoning/Translocation      3
   b - Animate Dead                   Necromancy                   4
   c - Control Undead                 Necromancy                   4
   d - Cigotuvi's Embrace             Necromancy                   5
   e - Death Channel                  Necromancy                   6
   f - Simulacrum                     Ice/Necromancy               6
   Trog disapproves of the use of such an item.
Miscellaneous
 o - a plain deck of defence
Comestibles
 c - 6 bread rations
 p - 5 fruits
 s - 3 meat rations


   Skills:
 + Level 4.6 Fighting
   Level 4.4(6.9) Axes
 + Level 8.3(8.8) Maces & Flails
 - Level 2.5 Armour
 - Level 2.4 Dodging


You had 6 spell levels left.
You didn't know any spells.

Dungeon Overview and Level Annotations

Branches:
Dungeon (5/15)             Temple (0/1) D:4

Altars:
Gozag
Nemelex Xobeh
Okawaru
Qazlal

Annotations:
D:5 Blork the orc, Grinder


Innate Abilities, Weirdness & Mutations

You reflexively headbutt those who attack you in melee.
You have a pair of horns on your head.


Message History

A puff of flame appears from out of thin air!
The puff of flame hits you!
A sky beast appears from thin air!
Reactivating autopickup.
Something hits you but does no damage.
Deactivating autopickup; reactivate with Ctrl-A.
You closely miss the sky beast.
Grinder blinks!
The sky beast hits you but does no damage.
Something hits you but does no damage. Grinder gestures at you.
You suddenly lose the ability to move!
Something hits you.
* * * LOW HITPOINT WARNING * * *
The sky beast flickers out of sight!
Something hits you.
* * * LOW HITPOINT WARNING * * *
Something shocks you.
* * * LOW HITPOINT WARNING * * *
You hear some strange, mumbled words.
A magic dart appears from out of thin air!
The magic dart hits you!
You die...

..... ... .. .....###..
#.. ......... ..#
#.....# ..##{
####.....###..#.§. #
#................. #.
#................. #..
#.....@...........
#...##......{..).....##
♣..........5...##....#
♣≈♣#...........# .....#
#...#.......# ..#.#
#...#.......# ..# #
≈≈.###.......# .# ≈♣P.
#.......# .# ♣♣#
......###


You could see Grinder.

Vanquished Creatures
  2 ogres
  A giant frog zombie (D:5)
  2 hounds (D:4)
  An orc priest (D:5)
  Jessica (D:3)
  Natasha (thrice) (D:3)
  2 worker ants
  Robin (D:2)
  6 adders
  A worm (D:2)
  2 dart slugs (D:1)
  3 giant geckos
  6 orcs
  A ball python (D:2)
  7 bats
  4 giant cockroaches
  20 goblins
  6 hobgoblins
  24 jackals
  A quokka (D:5)
  A giant gecko zombie (D:5)
  6 giant newts
  5 kobolds
  A quokka skeleton (D:5)
  6 rats
113 creatures vanquished.

Vanquished Creatures (others)
  A goblin (D:3)
1 creature vanquished.

Grand Total: 114 creatures vanquished

Notes
Turn   | Place    | Note
--------------------------------------------------------------
     0 | D:1      | nezrel the Minotaur Berserker began the quest for the Orb.
     0 | D:1      | Reached XP level 1. HP: 19/19 MP: 0/0
   311 | D:1      | Reached XP level 2. HP: 27/27 MP: 1/1
   705 | D:1      | Reached ** piety under Trog
   776 | D:1      | Reached XP level 3. HP: 25/33 MP: 2/2
  1083 | D:2      | Reached skill level 1 in Maces & Flails
  1141 | D:2      | Found a stormy altar of Qazlal.
  1167 | D:2      | Found a faded altar to an unknown god.
  1250 | D:2      | Reached skill level 2 in Maces & Flails
  1333 | D:2      | Reached XP level 4. HP: 38/40 MP: 3/3
  1357 | D:2      | Noticed Robin
  1370 | D:2      | Killed Robin
  1370 | D:2      | Reached skill level 3 in Maces & Flails
  1370 | D:2      | Reached *** piety under Trog
  2053 | D:2      | Found a sparkling altar of Nemelex Xobeh.
  2114 | D:2      | Reached skill level 4 in Maces & Flails
  2115 | D:2      | Found an opulent altar of Gozag.
  2351 | D:3      | Noticed Natasha
  2359 | D:3      | Killed Natasha
  2359 | D:3      | Reached XP level 5. HP: 43/46 MP: 4/4
  2396 | D:3      | Noticed Jessica
  2404 | D:3      | Killed Jessica
  2404 | D:3      | Reached skill level 5 in Maces & Flails
  2496 | D:3      | Found an iron altar of Okawaru.
  2611 | D:3      | Noticed Natasha
  2695 | D:3      | Killed Natasha
  2710 | D:3      | Noticed Natasha
  2718 | D:3      | Killed Natasha
  2718 | D:3      | Reached **** piety under Trog
  3052 | D:3      | Reached XP level 6. HP: 50/52 MP: 5/5
  3118 | D:3      | Reached skill level 6 in Maces & Flails
  3542 | D:4      | Reached skill level 7 in Maces & Flails
  3857 | D:4      | Found a staircase to the Ecumenical Temple.
  4293 | D:5      | Entered Level 5 of the Dungeon
  4533 | D:5      | Reached skill level 8 in Maces & Flails
  4533 | D:5      | Reached XP level 7. HP: 59/59 MP: 6/6
  4662 | D:5      | Noticed Grinder
  4663 | D:5      | Noticed Blork the orc
  4681 | D:5      | Paralysed by Grinder for 5 turns
  4683 | D:5      | Killed from afar by Blork the orc

Skill      XL: |  1  2  3  4  5  6 |
---------------+-------------------+-----
Fighting       | 4 |  4.6
Axes           | 4 |  4.4
Maces & Flails | 2 4 5 8 |  8.3
Armour         | |  2.5
Dodging        | |  2.4

Action                   |  1- 3 |  4- 6 |  7- 9 || total
-------------------------+-------+-------+-------++-------
Melee: Hand axe          |    40 |       |       ||    40
       Headbutt          |     8 |    19 |     3 ||    30
       Mace              |    24 |   142 |    12 ||   178
Invok: Berserk           |     1 |     4 |     1 ||     6
  Use: Scroll            |     1 |     7 |       ||     8
  Eat: Chunk             |     2 |     6 |       ||     8
       Bread ration      |       |     1 |       ||     1
       Meat ration       |       |     1 |       ||     1
Armor: Ring mail         |    36 |    51 |       ||    87
       Animal skin       |     1 |       |       ||     1
       Chain mail        |       |    11 |    14 ||    25
Dodge: Dodged            |    44 |   111 |     5 ||   160
